MapleLeafs vs Panthers

Created - January 17, 2017 at 17:28

Goals
1 2 3 T
MapleLeafs 1 0 1 2
Panthers 2 1 1 4
Shots
1 2 3 T
MapleLeafs 15 7 10 32
Panthers 8 17 9 34

1st period

1. Panthers , Ondrej Palat 14 (Patrick Kane, Jori Lehtera) at 1:25 (PP)
2. MapleLeafs , Brendan Leipsic 9 (Nazem Kadri, Anthony Duclair) at 8:47
3. Panthers , Artem Anisimov 15 (Alexey Marchenko, Ondrej Palat) at 15:19

Penalties :
Ben Lovejoy (TOR) for Cross-checking (Minor) at 0:28, Ondrej Palat (FLA) for Hooking (Minor) at 6:09, Ondrej Palat (FLA) for Hooking (Minor) at 10:09, Ondrej Palat (FLA) for Hooking (Minor) at 12:59

2nd period

4. Panthers , Ondrej Palat 15 (Patrick Kane, Artem Anisimov) at 7:41

Penalties :
Trevor van Riemsdyk (FLA) for Hooking (Minor) at 10:26, Ryan White (TOR) for Holding (Minor) at 18:10, Ben Lovejoy (TOR) for Hooking (Minor) at 18:31

3rd period

5. MapleLeafs , Jordan Staal 11 (Michael Del Zotto, Jonathan Marchessault) at 10:54 (PP)
6. Panthers , Patrick Kane 23 (Alexey Marchenko) at 19:30 (Empty Net)

Penalties :
Ryan White (TOR) for Goalie Interference (Minor) at 3:05, Milan Lucic (TOR) for Roughing (Minor) at 4:37, Justin Braun (FLA) for Hooking (Minor) at 10:26

Goalie Stats

Petr Mrazek (TOR), 30 saves from 33 shots - (0.909), L, 17-12-4, 59:30 minutes
Marc-Andre Fleury (FLA), 30 saves from 32 shots - (0.938), W, 28-12-1, 60:00 minutes

Players Stats for MapleLeafs

Player Name              G  A  P  +/- PIM S  H  SB GA TA FO     MP     PP MP  PK MP  
------------------------------------------------------------------------------------
Andreas Athanasiou       0  0  0   0  0   0  0  0  0  0  0/1     4:58   0:00   0:33 
Anthony Duclair          0  1  1   0  0   3  0  0  0  0  1/2    14:25   0:00   0:00 
Ben Lovejoy              0  0  0  -2  4   2  1  2  0  0  0/0    24:18   4:40   2:22 
Brandon Pirri            0  0  0   0  0   1  0  0  0  0  0/2     4:25   0:00   0:00 
Brendan Leipsic          1  0  1   0  0   4  1  0  0  0  2/2    15:43   0:00   1:18 
Cody Hodgson             0  0  0   0  0   0  0  0  0  0  0/0     0:00   0:00   0:00 
Dalton Prout             0  0  0   0  0   0  1  0  0  0  0/0    12:57   0:00   0:09 
Dennis Seidenberg        0  0  0   0  0   3  2  1  0  0  0/0    21:15   3:44   2:48 
Jonathan Marchessault    0  1  1  -2  0   2  1  0  0  0  0/1    16:48   4:08   0:00 
Joonas Donskoi           0  0  0   0  0   3  0  0  0  0  1/2    17:34   4:16   0:00 
Jordan Staal             1  0  1  -2  0   3  3  0  0  0  20/35  25:27   4:08   4:14 
Matt Duchene             0  0  0   0  0   1  0  0  0  0  6/24   21:24   4:16   3:50 
Michael Del Zotto        0  1  1  -2  0   1  3  2  0  0  0/0    25:57   4:40   4:00 
Milan Lucic              0  0  0  -2  2   2  0  0  0  0  0/1    17:09   4:08   0:21 
Nazem Kadri              0  1  1   0  0   1  1  0  0  0  9/14   15:39   0:00   1:14 
Nick Leddy               0  0  0   0  0   1  2  0  0  0  0/0    21:15   3:44   2:48 
Nikita Nikitin           0  0  0   0  0   1  0  1  0  0  0/0    14:16   0:00   1:28 
Ryan White               0  0  0   0  4   4  2  0  0  0  0/2    17:32   4:16   0:00 

Players Stats for Panthers

Player Name              G  A  P  +/- PIM S  H  SB GA TA FO     MP     PP MP  PK MP  
------------------------------------------------------------------------------------
Alex Tanguay             0  0  0   0  0   2  0  0  0  0  0/0     4:34   0:41   0:00 
Alexey Marchenko         0  2  2   2  0   0  1  2  0  0  0/0    17:26   1:48   0:00 
Artem Anisimov           1  1  2   2  0   3  0  0  0  0  13/21  16:16   0:00   0:00 
Danny DeKeyser           0  0  0   0  0   1  0  2  0  0  0/0    13:18   0:19   4:18 
Jacob Trouba             0  0  0   0  0   1  3  1  0  0  0/0    24:39   3:54   4:46 
Jesper Fast              0  0  0   0  0   0  1  1  0  0  1/1    13:04   0:00   3:58 
Joe Thornton             0  0  0   0  0   0  0  0  0  0  10/18  15:58   0:00   0:00 
Jori Lehtera             0  1  1   0  0   3  0  0  0  0  13/27  16:19   3:15   3:58 
Justin Braun             0  0  0   0  2   2  1  0  0  0  0/0    24:13   2:47   3:38 
Nikolaj Ehlers           0  0  0   0  0   1  1  1  0  0  0/1    12:39   3:33   0:00 
Ondrej Palat             2  1  3   1  6   4  3  0  0  0  0/0    19:06   3:15   0:00 
Patrick Kane             1  2  3   2  0   7  0  0  0  0  0/0    19:31   3:15   0:00 
Pavel Datsyuk            0  0  0   0  0   4  2  0  0  0  0/4    22:51   2:52   4:26 
Pierre-Edouard Bellemare 0  0  0   1  0   0  0  1  0  0  9/12    9:59   0:54   4:26 
Reid Boucher             0  0  0   0  0   1  0  0  0  0  0/0     3:53   0:00   0:00 
T.J. Brodie              0  0  0   1  0   2  0  1  0  0  0/0    25:00   4:35   4:06 
Trevor van Riemsdyk      0  0  0   1  2   1  1  0  0  0  0/0    14:20   0:00   0:00 
Vladimir Tarasenko       0  0  0   0  0   2  4  0  0  0  1/2    18:25   2:52   0:00 

3 Stars

1 - Patrick Kane (FLA)
2 - Artem Anisimov (FLA)
3 - Ondrej Palat (FLA)

Power Play

MapleLeafs - 1 on 5 Attempt(s) - 20.00%
Panthers - 1 on 5 Attempt(s) - 20.00%

Penalty Kill

MapleLeafs - 4 on 5 Attempt(s) - 80.00% - Score 0 goal in Penalty Kill
Panthers - 4 on 5 Attempt(s) - 80.00% - Score 0 goal in Penalty Kill

Team Stat

MapleLeafs - Hits : 17 - Faceoff Wins : 39 - Blocked Shots : 6 - Penalty Minutes : 10
Panthers - Hits : 17 - Faceoff Wins : 47 - Blocked Shots : 9 - Penalty Minutes : 10

Official

Referees : TJ Luxmore and Jean Hebert
Linesman : Matt MacPherson and Michel Cormier

Game Notes

Danny DeKeyser is injured at 14:26 of 2nd period (Sprained Right Finger)
Patrick Kane has scored in a empty net!

Finance

Level 1 -- Attendance: 5894 (98.23%) -- Ticket Income $630,658
Level 2 -- Attendance: 4454 (89.08%) -- Ticket Income $334,050
Level 3 -- Attendance: 3417 (97.63%) -- Ticket Income $167,433
Level 4 -- Attendance: 2706 (72.16%) -- Ticket Income $62,238
Luxury Box -- Attendance: 911 (91.10%) -- Ticket Income $184,933
Game was played at the BBT Center.
Total Attendance: 17382 (90.30%)
Total Ticket Income: $1,379,312
Other Income: $206,897
Total Income: $1,586,209

% Time on Ice - MapleLeafs

Lines # - Real PCT - Wanted PCT - Time Play
Normal Forward
1 - 28% - 34% - 12:18
2 - 30% - 32% - 13:18
3 - 32% - 22% - 14:25
4 - 10% - 12% - 4:25
Normal Defense
1 - 38% - 42% - 16:55
2 - 33% - 34% - 14:43
3 - 29% - 24% - 12:48
4 - 0% - 0% - 0:00
PP Forward
1 - 49% - 60% - 4:08
2 - 51% - 40% - 4:16
PP Defense
1 - 56% - 60% - 4:40
2 - 44% - 40% - 3:44
PK Forward
1 - 74% - 60% - 3:29
2 - 26% - 40% - 1:14
PK Defense
1 - 57% - 60% - 2:42
2 - 43% - 40% - 2:01
PK3 Forward
1 - 83% - 60% - 1:44
2 - 17% - 40% - 0:21
PK3 Defense
1 - 62% - 60% - 1:18
2 - 38% - 40% - 0:47
44 Forward
1 - 0% - 60%
2 - 0% - 40%
44 Defense
1 - 0% - 60%
2 - 0% - 40%
Last Minute Offensive  - 0:22
Last Minute Defensive  - 0:00
Total
Forward - 60:00
Defense - 60:00

% Time on Ice - Panthers

Lines # - Real PCT - Wanted PCT - Time Play
Normal Forward
1 - 36% - 37% - 15:54
2 - 35% - 33% - 15:33
3 - 20% - 20% - 9:06
4 - 9% - 10% - 3:53
Normal Defense
1 - 33% - 40% - 14:43
2 - 35% - 35% - 15:46
3 - 29% - 20% - 12:55
4 - 2% - 5% - 1:02
PP Forward
1 - 48% - 50% - 3:15
2 - 52% - 50% - 3:33
PP Defense
1 - 26% - 60% - 1:47
2 - 74% - 40% - 5:01
PK Forward
1 - 47% - 50% - 3:58
2 - 53% - 50% - 4:26
PK Defense
1 - 57% - 60% - 4:46
2 - 43% - 40% - 3:38
PK3 Forward
1 - 0% - 60%
2 - 0% - 40%
PK3 Defense
1 - 0% - 60%
2 - 0% - 40%
44 Forward
1 - 0% - 60%
2 - 0% - 40%
44 Defense
1 - 0% - 60%
2 - 0% - 40%
Last Minute Offensive  - 0:00
Last Minute Defensive  - 0:22
Total
Forward - 60:00
Defense - 60:00

Play by Play

1st period


0:01 of 1st period - Artem Anisimov wins face-off versus Jordan Staal in neutral zone.
0:01 of 1st period - Patrick Kane is hit by Jordan Staal and loses puck.
0:18 of 1st period - Patrick Kane is hit by Michael Del Zotto and loses puck.
0:28 of 1st period - Minor Penalty to Ben Lovejoy for Cross-checking.
0:29 of 1st period - Jordan Staal wins face-off versus Pavel Datsyuk in MapleLeafs zone.
0:29 of 1st period - Jordan Staal is hit by Pavel Datsyuk.
0:45 of 1st period - Shot by T.J. Brodie.
0:45 of 1st period - Stopped by Petr Mrazek with a rebound.
1:06 of 1st period - Shot by Jacob Trouba.
1:06 of 1st period - Stopped by Petr Mrazek without a rebound.
1:07 of 1st period - Nazem Kadri wins face-off versus Jori Lehtera in MapleLeafs zone.
1:07 of 1st period - Nazem Kadri is hit by Ondrej Palat.
1:23 of 1st period - Shot by Patrick Kane.
1:23 of 1st period - Stopped by Petr Mrazek with a rebound.
1:25 of 1st period - Shot by Ondrej Palat.
1:25 of 1st period - Goal by Ondrej Palat - MapleLeafs : 0 - Panthers : 1.
1:26 of 1st period - Pierre-Edouard Bellemare wins face-off versus Ryan White in neutral zone.
2:15 of 1st period - Shot by Brendan Leipsic.
2:15 of 1st period - Stopped by Marc-Andre Fleury without a rebound.
2:16 of 1st period - Joe Thornton wins face-off versus Anthony Duclair in Panthers zone.
2:29 of 1st period - Shot by Vladimir Tarasenko.
2:29 of 1st period - Shot Misses the Net.
2:48 of 1st period - Pavel Datsyuk is hit by Nick Leddy and loses puck.
2:53 of 1st period - Shot by Danny DeKeyser.
2:53 of 1st period - Stopped by Petr Mrazek without a rebound.
2:54 of 1st period - Artem Anisimov wins face-off versus Jordan Staal in MapleLeafs zone.
3:22 of 1st period - Ondrej Palat is hit by Ben Lovejoy and loses puck.
3:29 of 1st period - Shot by Ondrej Palat.
3:29 of 1st period - Stopped by Petr Mrazek without a rebound.
3:30 of 1st period - Matt Duchene wins face-off versus Nikolaj Ehlers in MapleLeafs zone.
3:42 of 1st period - Icing by Nikita Nikitin.
3:43 of 1st period - Joe Thornton wins face-off versus Matt Duchene in MapleLeafs zone.
4:30 of 1st period - Icing by Jacob Trouba.
4:31 of 1st period - Joe Thornton wins face-off versus Andreas Athanasiou in Panthers zone.
4:31 of 1st period - Joe Thornton is hit by Jordan Staal.
5:04 of 1st period - Shot by Brandon Pirri.
5:04 of 1st period - Stopped by Marc-Andre Fleury without a rebound.
5:05 of 1st period - Nazem Kadri wins face-off versus Artem Anisimov in Panthers zone.
5:28 of 1st period - Shot by Ondrej Palat.
5:28 of 1st period - Stopped by Petr Mrazek without a rebound.
5:29 of 1st period - Jordan Staal wins face-off versus Jori Lehtera in MapleLeafs zone.
6:01 of 1st period - Shot by Jonathan Marchessault.
6:01 of 1st period - Stopped by Marc-Andre Fleury without a rebound.
6:02 of 1st period - Artem Anisimov wins face-off versus Matt Duchene in Panthers zone.
6:09 of 1st period - Minor Penalty to Ondrej Palat for Hooking.
6:10 of 1st period - Pierre-Edouard Bellemare wins face-off versus Matt Duchene in Panthers zone.
6:44 of 1st period - Shot by Joonas Donskoi.
6:44 of 1st period - Shot Misses the Net.
6:46 of 1st period - Shot by Ben Lovejoy.
6:46 of 1st period - Stopped by Marc-Andre Fleury without a rebound.
6:47 of 1st period - Pierre-Edouard Bellemare wins face-off versus Jordan Staal in Panthers zone.
6:53 of 1st period - Icing by Jordan Staal.
6:54 of 1st period - Jori Lehtera wins face-off versus Jordan Staal in MapleLeafs zone.
7:05 of 1st period - Shot by Jordan Staal.
7:05 of 1st period - Stopped by Marc-Andre Fleury with a rebound.
7:07 of 1st period - Shot by Dennis Seidenberg.
7:07 of 1st period - Stopped by Marc-Andre Fleury without a rebound.
7:08 of 1st period - Jori Lehtera wins face-off versus Matt Duchene in Panthers zone.
7:14 of 1st period - Icing by Joonas Donskoi.
7:15 of 1st period - Matt Duchene wins face-off versus Jori Lehtera in MapleLeafs zone.
7:31 of 1st period - Shot by Ryan White.
7:31 of 1st period - Stopped by Marc-Andre Fleury with a rebound.
7:33 of 1st period - Shot by Ben Lovejoy.
7:33 of 1st period - Stopped by Marc-Andre Fleury with a rebound.
7:35 of 1st period - Shot by Ben Lovejoy.
7:35 of 1st period - Shot Blocked by Jesper Fast.
7:37 of 1st period - Shot by Joonas Donskoi.
7:37 of 1st period - Shot Misses the Net.
8:43 of 1st period - Shot by Anthony Duclair.
8:43 of 1st period - Shot Hit the Post.
8:45 of 1st period - Shot by Nazem Kadri.
8:45 of 1st period - Shot Blocked by Alexey Marchenko.
8:47 of 1st period - Shot by Brendan Leipsic.
8:47 of 1st period - Goal by Brendan Leipsic - MapleLeafs : 1 - Panthers : 1.
8:48 of 1st period - Jordan Staal wins face-off versus Joe Thornton in neutral zone.
8:50 of 1st period - Milan Lucic is hit by Jacob Trouba and loses puck.
9:00 of 1st period - Jordan Staal is hit by Jacob Trouba and loses puck.
9:15 of 1st period - Shot by Milan Lucic.
9:15 of 1st period - Stopped by Marc-Andre Fleury without a rebound.
9:16 of 1st period - Jori Lehtera wins face-off versus Matt Duchene in Panthers zone.
9:41 of 1st period - Joonas Donskoi is hit by Jesper Fast and loses puck.
10:09 of 1st period - Minor Penalty to Ondrej Palat for Hooking.
10:10 of 1st period - Pierre-Edouard Bellemare wins face-off versus Jordan Staal in Panthers zone.
11:11 of 1st period - Shot by Michael Del Zotto.
11:11 of 1st period - Stopped by Marc-Andre Fleury without a rebound.
11:12 of 1st period - Matt Duchene wins face-off versus Pierre-Edouard Bellemare in Panthers zone.
11:39 of 1st period - Shot by Joonas Donskoi.
11:39 of 1st period - Stopped by Marc-Andre Fleury with a rebound.
11:41 of 1st period - Shot by Michael Del Zotto.
11:41 of 1st period - Shot Misses the Net.
11:56 of 1st period - Icing by Milan Lucic.
11:57 of 1st period - Jordan Staal wins face-off versus Jori Lehtera in MapleLeafs zone.
12:02 of 1st period - Shot by Nick Leddy.
12:02 of 1st period - Stopped by Marc-Andre Fleury without a rebound.
12:03 of 1st period - Jordan Staal wins face-off versus Pierre-Edouard Bellemare in Panthers zone.
12:33 of 1st period - Anthony Duclair is hit by Ondrej Palat and loses puck.
12:59 of 1st period - Minor Penalty to Ondrej Palat for Hooking.
13:00 of 1st period - Jordan Staal wins face-off versus Jori Lehtera in Panthers zone.
13:37 of 1st period - Shot by Michael Del Zotto.
13:37 of 1st period - Shot Misses the Net.
13:39 of 1st period - Shot by Ben Lovejoy.
13:39 of 1st period - Shot Blocked by Jacob Trouba.
14:10 of 1st period - Icing by Dennis Seidenberg.
14:11 of 1st period - Matt Duchene wins face-off versus Pierre-Edouard Bellemare in MapleLeafs zone.
14:38 of 1st period - Danny DeKeyser is hit by Ryan White and loses puck.
15:00 of 1st period - Trevor van Riemsdyk is hit by Nazem Kadri and loses puck.
15:15 of 1st period - Shot by Ondrej Palat.
15:15 of 1st period - Shot Misses the Net.
15:17 of 1st period - Shot by Alexey Marchenko.
15:17 of 1st period - Shot Misses the Net.
15:19 of 1st period - Shot by Artem Anisimov.
15:19 of 1st period - Goal by Artem Anisimov - MapleLeafs : 1 - Panthers : 2.
15:20 of 1st period - Joe Thornton wins face-off versus Brandon Pirri in neutral zone.
15:28 of 1st period - Shot by Jordan Staal.
15:28 of 1st period - Deflect By Brandon Pirri.
15:28 of 1st period - Shot Misses the Net.
16:36 of 1st period - Shot by Patrick Kane.
16:36 of 1st period - Shot Misses the Net.
16:40 of 1st period - Shot by Ondrej Palat.
16:40 of 1st period - Shot Misses the Net.
16:42 of 1st period - Shot by Ondrej Palat.
16:42 of 1st period - Shot Misses the Net.
16:44 of 1st period - Shot by Patrick Kane.
16:44 of 1st period - Shot Misses the Net.
16:46 of 1st period - Shot by Patrick Kane.
16:46 of 1st period - Deflect By Ondrej Palat.
16:46 of 1st period - Shot Blocked by Dennis Seidenberg.
16:48 of 1st period - Shot by Ondrej Palat.
16:48 of 1st period - Deflect By Patrick Kane.
16:48 of 1st period - Shot Misses the Net.
16:55 of 1st period - Icing by Dennis Seidenberg.
16:56 of 1st period - Nazem Kadri wins face-off versus Jori Lehtera in MapleLeafs zone.
17:23 of 1st period - Off-side.
17:24 of 1st period - Joe Thornton wins face-off versus Matt Duchene in neutral zone.
17:41 of 1st period - Shot by Pavel Datsyuk.
17:41 of 1st period - Shot Misses the Net.
18:21 of 1st period - Icing by Justin Braun.
18:22 of 1st period - Joe Thornton wins face-off versus Jordan Staal in Panthers zone.
18:38 of 1st period - Off-side.
18:39 of 1st period - Nazem Kadri wins face-off versus Artem Anisimov in neutral zone.
18:58 of 1st period - Shot by Artem Anisimov.
18:58 of 1st period - Shot Misses the Net.
19:08 of 1st period - Shot by Anthony Duclair.
19:08 of 1st period - Stopped by Marc-Andre Fleury without a rebound.
19:09 of 1st period - Jordan Staal wins face-off versus Jori Lehtera in Panthers zone.
19:10 of 1st period - Shot by Milan Lucic.
19:10 of 1st period - Stopped by Marc-Andre Fleury with a rebound.
19:15 of 1st period - Off-side.
19:16 of 1st period - Jordan Staal wins face-off versus Jori Lehtera in neutral zone.
19:28 of 1st period - Jonathan Marchessault is hit by Trevor van Riemsdyk and loses puck.
19:51 of 1st period - Jordan Staal is hit by Alexey Marchenko and loses puck.
Goals for this period are 1 for MapleLeafs vs 2 for Panthers.
Shots for this period are 15 for MapleLeafs vs 8 for Panthers.

2nd period


0:01 of 2nd period - Artem Anisimov wins face-off versus Jordan Staal in neutral zone.
0:18 of 2nd period - Shot by Artem Anisimov.
0:18 of 2nd period - Stopped by Petr Mrazek with a rebound.
0:20 of 2nd period - Shot by Artem Anisimov.
0:20 of 2nd period - Shot Blocked by Michael Del Zotto.
0:22 of 2nd period - Shot by Artem Anisimov.
0:22 of 2nd period - Stopped by Petr Mrazek without a rebound.
0:23 of 2nd period - Matt Duchene wins face-off versus Joe Thornton in MapleLeafs zone.
1:34 of 2nd period - Shot by Jonathan Marchessault.
1:34 of 2nd period - Shot Misses the Net.
1:40 of 2nd period - Shot by Patrick Kane.
1:40 of 2nd period - Stopped by Petr Mrazek with a rebound.
1:42 of 2nd period - Shot by Ondrej Palat.
1:42 of 2nd period - Shot Misses the Net.
1:50 of 2nd period - Shot by Patrick Kane.
1:50 of 2nd period - Shot Misses the Net.
2:08 of 2nd period - Shot by Alex Tanguay.
2:08 of 2nd period - Stopped by Petr Mrazek without a rebound.
2:09 of 2nd period - Pierre-Edouard Bellemare wins face-off versus Nazem Kadri in MapleLeafs zone.
2:10 of 2nd period - Shot by Alex Tanguay.
2:10 of 2nd period - Stopped by Petr Mrazek with a rebound.
2:12 of 2nd period - Shot by Alex Tanguay.
2:12 of 2nd period - Shot Misses the Net.
2:14 of 2nd period - Shot by Trevor van Riemsdyk.
2:14 of 2nd period - Shot Misses the Net.
2:16 of 2nd period - Shot by Trevor van Riemsdyk.
2:16 of 2nd period - Stopped by Petr Mrazek without a rebound.
2:17 of 2nd period - Nazem Kadri wins face-off versus Joe Thornton in MapleLeafs zone.
2:32 of 2nd period - Shot by Pavel Datsyuk.
2:32 of 2nd period - Deflect By Vladimir Tarasenko.
2:32 of 2nd period - Shot Misses the Net.
2:34 of 2nd period - Shot by Vladimir Tarasenko.
2:34 of 2nd period - Stopped by Petr Mrazek with a rebound.
2:38 of 2nd period - Shot by Joe Thornton.
2:38 of 2nd period - Shot Misses the Net.
2:42 of 2nd period - Shot by Joe Thornton.
2:42 of 2nd period - Deflect By Pavel Datsyuk.
2:42 of 2nd period - Stopped by Petr Mrazek without a rebound.
2:43 of 2nd period - Jori Lehtera wins face-off versus Matt Duchene in MapleLeafs zone.
2:46 of 2nd period - Shot by Jesper Fast.
2:46 of 2nd period - Shot Misses the Net.
2:54 of 2nd period - Shot by Joonas Donskoi.
2:54 of 2nd period - Shot Blocked by Nikolaj Ehlers.
2:56 of 2nd period - Shot by Joonas Donskoi.
2:56 of 2nd period - Deflect By Ryan White.
2:56 of 2nd period - Stopped by Marc-Andre Fleury without a rebound.
2:57 of 2nd period - Jordan Staal wins face-off versus Artem Anisimov in Panthers zone.
3:06 of 2nd period - Icing by Justin Braun.
3:07 of 2nd period - Artem Anisimov wins face-off versus Matt Duchene in Panthers zone.
3:11 of 2nd period - Off-side.
3:12 of 2nd period - Jordan Staal wins face-off versus Artem Anisimov in neutral zone.
3:54 of 2nd period - Icing by Patrick Kane.
3:55 of 2nd period - Artem Anisimov wins face-off versus Matt Duchene in Panthers zone.
3:55 of 2nd period - Artem Anisimov is hit by Ryan White.
4:00 of 2nd period - Off-side.
4:01 of 2nd period - Vladimir Tarasenko wins face-off versus Ryan White in neutral zone.
4:24 of 2nd period - Shot by Joonas Donskoi.
4:24 of 2nd period - Shot Misses the Net.
4:32 of 2nd period - Shot by Matt Duchene.
4:32 of 2nd period - Shot Misses the Net.
5:02 of 2nd period - Shot by Milan Lucic.
5:02 of 2nd period - Shot Hit the Post.
5:58 of 2nd period - Shot by Brendan Leipsic.
5:58 of 2nd period - Shot Blocked by T.J. Brodie.
6:00 of 2nd period - Shot by Brendan Leipsic.
6:00 of 2nd period - Stopped by Marc-Andre Fleury without a rebound.
6:01 of 2nd period - Artem Anisimov wins face-off versus Matt Duchene in Panthers zone.
6:11 of 2nd period - Off-side.
6:12 of 2nd period - Nazem Kadri wins face-off versus Jori Lehtera in neutral zone.
7:41 of 2nd period - Shot by Ondrej Palat.
7:41 of 2nd period - Goal by Ondrej Palat - MapleLeafs : 1 - Panthers : 3.
7:42 of 2nd period - Pierre-Edouard Bellemare wins face-off versus Joonas Donskoi in neutral zone.
8:25 of 2nd period - Shot by Joonas Donskoi.
8:25 of 2nd period - Shot Misses the Net.
9:16 of 2nd period - Shot by Jordan Staal.
9:16 of 2nd period - Shot Blocked by Danny DeKeyser.
9:27 of 2nd period - Off-side.
9:28 of 2nd period - Nazem Kadri wins face-off versus Artem Anisimov in neutral zone.
9:33 of 2nd period - Shot by Brendan Leipsic.
9:33 of 2nd period - Shot Misses the Net.
9:43 of 2nd period - Shot by Patrick Kane.
9:43 of 2nd period - Deflect By Artem Anisimov.
9:43 of 2nd period - Shot Misses the Net.
9:46 of 2nd period - Icing by Anthony Duclair.
9:47 of 2nd period - Joe Thornton wins face-off versus Nazem Kadri in MapleLeafs zone.
9:48 of 2nd period - Shot by Pavel Datsyuk.
9:48 of 2nd period - Stopped by Petr Mrazek without a rebound.
9:49 of 2nd period - Artem Anisimov wins face-off versus Matt Duchene in MapleLeafs zone.
10:02 of 2nd period - Shot by Artem Anisimov.
10:02 of 2nd period - Shot Misses the Net.
10:14 of 2nd period - Shot by Patrick Kane.
10:14 of 2nd period - Stopped by Petr Mrazek without a rebound.
10:15 of 2nd period - Jordan Staal wins face-off versus Joe Thornton in MapleLeafs zone.
10:15 of 2nd period - Jordan Staal is hit by Vladimir Tarasenko.
10:26 of 2nd period - Minor Penalty to Trevor van Riemsdyk for Hooking.
10:27 of 2nd period - Jordan Staal wins face-off versus Jori Lehtera in Panthers zone.
11:02 of 2nd period - Shot by Jordan Staal.
11:02 of 2nd period - Shot Misses the Net.
11:04 of 2nd period - Shot by Ben Lovejoy.
11:04 of 2nd period - Shot Blocked by Pierre-Edouard Bellemare.
11:06 of 2nd period - Shot by Ben Lovejoy.
11:06 of 2nd period - Shot Misses the Net.
11:08 of 2nd period - Shot by Jordan Staal.
11:08 of 2nd period - Stopped by Marc-Andre Fleury without a rebound.
11:09 of 2nd period - Jori Lehtera wins face-off versus Matt Duchene in Panthers zone.
11:22 of 2nd period - Shot by Joonas Donskoi.
11:22 of 2nd period - Stopped by Marc-Andre Fleury without a rebound.
11:23 of 2nd period - Matt Duchene wins face-off versus Jori Lehtera in Panthers zone.
11:24 of 2nd period - Shot by Dennis Seidenberg.
11:24 of 2nd period - Stopped by Marc-Andre Fleury without a rebound.
11:25 of 2nd period - Jori Lehtera wins face-off versus Matt Duchene in Panthers zone.
12:24 of 2nd period - Icing by Ben Lovejoy.
12:25 of 2nd period - Jori Lehtera wins face-off versus Jordan Staal in MapleLeafs zone.
12:54 of 2nd period - Shot by Patrick Kane.
12:54 of 2nd period - Shot Blocked by Ben Lovejoy.
13:00 of 2nd period - Shot by Patrick Kane.
13:00 of 2nd period - Shot Misses the Net.
13:05 of 2nd period - Ondrej Palat is hit by Michael Del Zotto and loses puck.
13:21 of 2nd period - Ondrej Palat is hit by Michael Del Zotto and loses puck.
13:56 of 2nd period - Shot by Joe Thornton.
13:56 of 2nd period - Deflect By Vladimir Tarasenko.
13:56 of 2nd period - Shot Misses the Net.
13:58 of 2nd period - Shot by T.J. Brodie.
13:58 of 2nd period - Stopped by Petr Mrazek without a rebound.
13:59 of 2nd period - Jori Lehtera wins face-off versus Matt Duchene in MapleLeafs zone.
14:17 of 2nd period - Nick Leddy is hit by Jacob Trouba and loses puck.
14:20 of 2nd period - Shot by Ryan White.
14:20 of 2nd period - Stopped by Marc-Andre Fleury with a rebound.
14:26 of 2nd period - Shot by Matt Duchene.
14:26 of 2nd period - Shot Blocked by Danny DeKeyser.
14:26 of 2nd period - Danny DeKeyser from Panthers is injured at 14:26 of 2nd period (Sprained Right Finger).
14:27 of 2nd period - Brendan Leipsic wins face-off versus Joe Thornton in Panthers zone.
14:28 of 2nd period - Shot by Anthony Duclair.
14:28 of 2nd period - Stopped by Marc-Andre Fleury without a rebound.
14:29 of 2nd period - Nazem Kadri wins face-off versus Joe Thornton in Panthers zone.
14:30 of 2nd period - Shot by Anthony Duclair.
14:30 of 2nd period - Shot Misses the Net.
14:39 of 2nd period - T.J. Brodie is hit by Dalton Prout and loses puck.
14:46 of 2nd period - Shot by Vladimir Tarasenko.
14:46 of 2nd period - Shot Misses the Net.
14:58 of 2nd period - Shot by Vladimir Tarasenko.
14:58 of 2nd period - Shot Misses the Net.
16:08 of 2nd period - Off-side.
16:09 of 2nd period - Jori Lehtera wins face-off versus Jordan Staal in neutral zone.
16:31 of 2nd period - Shot by Nikolaj Ehlers.
16:31 of 2nd period - Shot Misses the Net.
16:35 of 2nd period - Shot by Jesper Fast.
16:35 of 2nd period - Shot Misses the Net.
16:39 of 2nd period - Shot by Nikolaj Ehlers.
16:39 of 2nd period - Shot Misses the Net.
16:46 of 2nd period - Shot by Jesper Fast.
16:46 of 2nd period - Shot Hit the Post.
16:48 of 2nd period - Shot by Jesper Fast.
16:48 of 2nd period - Shot Blocked by Michael Del Zotto.
18:10 of 2nd period - Minor Penalty to Ryan White for Holding.
18:11 of 2nd period - Jori Lehtera wins face-off versus Jordan Staal in MapleLeafs zone.
18:12 of 2nd period - Shot by Patrick Kane.
18:12 of 2nd period - Deflect By Jori Lehtera.
18:12 of 2nd period - Shot Misses the Net.
18:16 of 2nd period - Shot by Jori Lehtera.
18:16 of 2nd period - Shot Misses the Net.
18:24 of 2nd period - Shot by Jori Lehtera.
18:24 of 2nd period - Stopped by Petr Mrazek with a rebound.
18:26 of 2nd period - Shot by Justin Braun.
18:26 of 2nd period - Stopped by Petr Mrazek with a rebound.
18:31 of 2nd period - Minor Penalty to Ben Lovejoy for Hooking.
18:32 of 2nd period - Jordan Staal wins face-off versus Vladimir Tarasenko in MapleLeafs zone.
18:44 of 2nd period - Shot by Nikolaj Ehlers.
18:44 of 2nd period - Stopped by Petr Mrazek without a rebound.
18:45 of 2nd period - Jori Lehtera wins face-off versus Jordan Staal in MapleLeafs zone.
18:58 of 2nd period - Shot by Ondrej Palat.
18:58 of 2nd period - Shot Misses the Net.
19:00 of 2nd period - Shot by Justin Braun.
19:00 of 2nd period - Stopped by Petr Mrazek with a rebound.
19:02 of 2nd period - Shot by Patrick Kane.
19:02 of 2nd period - Shot Misses the Net.
19:04 of 2nd period - Shot by Jori Lehtera.
19:04 of 2nd period - Stopped by Petr Mrazek without a rebound.
19:05 of 2nd period - Jordan Staal wins face-off versus Pavel Datsyuk in MapleLeafs zone.
19:05 of 2nd period - Jordan Staal is hit by Vladimir Tarasenko.
19:15 of 2nd period - Jordan Staal is hit by Vladimir Tarasenko and loses puck.
Goals for this period are 0 for MapleLeafs vs 1 for Panthers.
Shots for this period are 7 for MapleLeafs vs 17 for Panthers.

3rd period


0:01 of 3rd period - Jordan Staal wins face-off versus Jori Lehtera in neutral zone.
0:30 of 3rd period - Ondrej Palat is hit by Dennis Seidenberg and loses puck.
1:03 of 3rd period - Shot by Vladimir Tarasenko.
1:03 of 3rd period - Shot Misses the Net.
2:16 of 3rd period - Icing by Alexey Marchenko.
2:17 of 3rd period - Jordan Staal wins face-off versus Joe Thornton in Panthers zone.
2:58 of 3rd period - Shot by Milan Lucic.
2:58 of 3rd period - Shot Misses the Net.
3:05 of 3rd period - Minor Penalty to Ryan White for Goalie Interference.
3:06 of 3rd period - Jori Lehtera wins face-off versus Jordan Staal in MapleLeafs zone.
3:51 of 3rd period - Nikolaj Ehlers is hit by Jordan Staal and loses puck.
4:37 of 3rd period - Minor Penalty to Milan Lucic for Roughing.
4:38 of 3rd period - Brendan Leipsic wins face-off versus Pavel Datsyuk in MapleLeafs zone.
4:43 of 3rd period - T.J. Brodie is hit by Brendan Leipsic and loses puck.
5:04 of 3rd period - Shot by T.J. Brodie.
5:04 of 3rd period - Deflect By Pavel Datsyuk.
5:04 of 3rd period - Stopped by Petr Mrazek without a rebound.
5:05 of 3rd period - Jori Lehtera wins face-off versus Nazem Kadri in MapleLeafs zone.
5:10 of 3rd period - Shot by Ondrej Palat.
5:10 of 3rd period - Shot Misses the Net.
5:12 of 3rd period - Shot by Jori Lehtera.
5:12 of 3rd period - Shot Misses the Net.
5:30 of 3rd period - Michael Del Zotto is hit by Ondrej Palat and loses puck.
5:57 of 3rd period - Off-side.
5:58 of 3rd period - Jordan Staal wins face-off versus Pavel Datsyuk in neutral zone.
6:35 of 3rd period - Vladimir Tarasenko is hit by Nick Leddy and loses puck.
6:38 of 3rd period - Shot by Reid Boucher.
6:38 of 3rd period - Stopped by Petr Mrazek with a rebound.
7:01 of 3rd period - Off-side.
7:02 of 3rd period - Jordan Staal wins face-off versus Jori Lehtera in neutral zone.
7:19 of 3rd period - Shot by Jori Lehtera.
7:19 of 3rd period - Shot Misses the Net.
7:25 of 3rd period - Shot by Jori Lehtera.
7:25 of 3rd period - Shot Misses the Net.
7:27 of 3rd period - Shot by Jori Lehtera.
7:27 of 3rd period - Stopped by Petr Mrazek without a rebound.
7:28 of 3rd period - Artem Anisimov wins face-off versus Matt Duchene in MapleLeafs zone.
7:33 of 3rd period - Shot by Ondrej Palat.
7:33 of 3rd period - Deflect By Patrick Kane.
7:33 of 3rd period - Stopped by Petr Mrazek with a rebound.
8:01 of 3rd period - Shot by Patrick Kane.
8:01 of 3rd period - Stopped by Petr Mrazek without a rebound.
8:02 of 3rd period - Nazem Kadri wins face-off versus Joe Thornton in MapleLeafs zone.
8:02 of 3rd period - Nazem Kadri is hit by Pavel Datsyuk.
8:10 of 3rd period - Shot by Nazem Kadri.
8:10 of 3rd period - Stopped by Marc-Andre Fleury without a rebound.
8:11 of 3rd period - Joe Thornton wins face-off versus Nazem Kadri in Panthers zone.
8:28 of 3rd period - Shot by Anthony Duclair.
8:28 of 3rd period - Stopped by Marc-Andre Fleury without a rebound.
8:29 of 3rd period - Artem Anisimov wins face-off versus Jordan Staal in Panthers zone.
8:33 of 3rd period - Off-side.
8:34 of 3rd period - Artem Anisimov wins face-off versus Milan Lucic in neutral zone.
8:43 of 3rd period - Shot by Artem Anisimov.
8:43 of 3rd period - Shot Blocked by Ben Lovejoy.
9:01 of 3rd period - Shot by Milan Lucic.
9:01 of 3rd period - Deflect By Jordan Staal.
9:01 of 3rd period - Shot Misses the Net.
9:41 of 3rd period - Shot by Matt Duchene.
9:41 of 3rd period - Shot Misses the Net.
9:43 of 3rd period - Shot by Joonas Donskoi.
9:43 of 3rd period - Stopped by Marc-Andre Fleury without a rebound.
9:44 of 3rd period - Anthony Duclair wins face-off versus Jori Lehtera in Panthers zone.
10:26 of 3rd period - Minor Penalty to Justin Braun for Hooking.
10:27 of 3rd period - Pierre-Edouard Bellemare wins face-off versus Jonathan Marchessault in Panthers zone.
10:27 of 3rd period - Pierre-Edouard Bellemare is hit by Jonathan Marchessault.
10:34 of 3rd period - Icing by Ben Lovejoy.
10:35 of 3rd period - Pierre-Edouard Bellemare wins face-off versus Jordan Staal in MapleLeafs zone.
10:52 of 3rd period - Shot by Michael Del Zotto.
10:52 of 3rd period - Shot Misses the Net.
10:54 of 3rd period - Shot by Jordan Staal.
10:54 of 3rd period - Goal by Jordan Staal - MapleLeafs : 2 - Panthers : 3.
10:55 of 3rd period - Artem Anisimov wins face-off versus Matt Duchene in neutral zone.
11:04 of 3rd period - Shot by Matt Duchene.
11:04 of 3rd period - Stopped by Marc-Andre Fleury with a rebound.
11:50 of 3rd period - Shot by Pavel Datsyuk.
11:50 of 3rd period - Stopped by Petr Mrazek without a rebound.
11:51 of 3rd period - Joe Thornton wins face-off versus Jordan Staal in MapleLeafs zone.
11:52 of 3rd period - Shot by Pavel Datsyuk.
11:52 of 3rd period - Shot Misses the Net.
12:03 of 3rd period - Milan Lucic is hit by Vladimir Tarasenko and loses puck.
12:23 of 3rd period - Jordan Staal is hit by Justin Braun and loses puck.
13:08 of 3rd period - Shot by Brendan Leipsic.
13:08 of 3rd period - Stopped by Marc-Andre Fleury without a rebound.
13:09 of 3rd period - Artem Anisimov wins face-off versus Matt Duchene in Panthers zone.
13:16 of 3rd period - Shot by Patrick Kane.
13:16 of 3rd period - Stopped by Petr Mrazek without a rebound.
13:17 of 3rd period - Joonas Donskoi wins face-off versus Artem Anisimov in MapleLeafs zone.
14:44 of 3rd period - Shot by Jordan Staal.
14:44 of 3rd period - Shot Blocked by Alexey Marchenko.
15:03 of 3rd period - Nikita Nikitin is hit by Nikolaj Ehlers and loses puck.
15:39 of 3rd period - Shot by Pavel Datsyuk.
15:39 of 3rd period - Shot Misses the Net.
15:49 of 3rd period - Shot by Vladimir Tarasenko.
15:49 of 3rd period - Shot Misses the Net.
16:20 of 3rd period - Shot by Ryan White.
16:20 of 3rd period - Shot Misses the Net.
16:22 of 3rd period - Shot by Dennis Seidenberg.
16:22 of 3rd period - Stopped by Marc-Andre Fleury without a rebound.
16:23 of 3rd period - Pierre-Edouard Bellemare wins face-off versus Brandon Pirri in Panthers zone.
16:52 of 3rd period - Shot by Ben Lovejoy.
16:52 of 3rd period - Shot Misses the Net.
18:02 of 3rd period - Shot by Vladimir Tarasenko.
18:02 of 3rd period - Stopped by Petr Mrazek without a rebound.
18:03 of 3rd period - Jesper Fast wins face-off versus Nazem Kadri in MapleLeafs zone.
18:03 of 3rd period - Jacob Trouba is hit by Dennis Seidenberg and loses puck.
19:00 of 3rd period - MapleLeafs, Petr Mrazek is pulled from the net.
19:02 of 3rd period - Shot by Joonas Donskoi.
19:02 of 3rd period - Shot Misses the Net.
19:06 of 3rd period - Shot by Ryan White.
19:06 of 3rd period - Stopped by Marc-Andre Fleury with a rebound.
19:08 of 3rd period - Shot by Nikita Nikitin.
19:08 of 3rd period - Stopped by Marc-Andre Fleury without a rebound.
19:09 of 3rd period - Jordan Staal wins face-off versus Artem Anisimov in Panthers zone.
19:14 of 3rd period - Shot by Jonathan Marchessault.
19:14 of 3rd period - Stopped by Marc-Andre Fleury without a rebound.
19:15 of 3rd period - Jordan Staal wins face-off versus Artem Anisimov in Panthers zone.
19:30 of 3rd period - Shot by Patrick Kane.
19:30 of 3rd period - Goal by Patrick Kane - MapleLeafs : 2 - Panthers : 4.
19:30 of 3rd period - Petr Mrazek from MapleLeafs was sent back in the game.
19:31 of 3rd period - Joe Thornton wins face-off versus Matt Duchene in neutral zone.
19:49 of 3rd period - Shot by Vladimir Tarasenko.
19:49 of 3rd period - Shot Blocked by Nikita Nikitin.
Goals for this period are 1 for MapleLeafs vs 1 for Panthers.
Shots for this period are 10 for MapleLeafs vs 9 for Panthers.